Unix NetHack Version 3.7.0-97 Work-in-progress - last build Jan 28 2024 04:41:54 (eae211b052f4c4d875b52ed558e44d2f93f0896c,branch:master). Game began 2024-02-04 14:06:45, ended 2024-02-04 17:18:51. spontiff, neutral male gnomish Healer ------------- --- ............| |@| -----.{%..|.---.---B| |.........|.........| |...-----.-------.|.| ...... ..|.. -...-- --- ....| ----- Spontiff the Rhizotomist St:9 Dx:12 Co:17 In:10 Wi:18 Ch:17 Neutral S:510 Dlvl:11 $:0 HP:0(41) Pw:4(4) AC:1 Xp:1/0 T:9447 Latest messages: The poison doesn't seem to affect you. The vampire bat bites! The vampire bat bites again! The vampire bat bites! The vampire bat just misses! The vampire bat bites! The vampire bat bites again! The vampire bat bites! The vampire bat bites again! You finish taking off your suit. What do you want to drop? [dg or ?*] d You drop an uncursed +1 leather armor. The vampire bat misses! The vampire bat bites! The vampire bat bites! The vampire bat bites again! What do you want to take off? [g or ?*] g The vampire bat bites! The vampire bat bites again! The vampire bat bites! The vampire bat bites again! You finish taking off your gloves. What do you want to drop? [g or ?*] g You drop an uncursed +1 pair of leather gloves. The vampire bat bites! The vampire bat bites again! The vampire bat misses! The vampire bat bites! Not carrying anything. Not carrying anything. Talk to whom? (in what direction) j The vampire bat squeaks. The vampire bat misses! The vampire bat bites! The vampire bat just misses! The vampire bat bites! Not carrying anything. Talk to whom? (in what direction) j The vampire bat squeaks. The vampire bat bites! The vampire bat just misses! Talk to whom? (in what direction) j The vampire bat squeaks. The vampire bat bites! The vampire bat bites again! Talk to whom? (in what direction) j The vampire bat squeaks. The vampire bat bites! You die... Do you want to see the dungeon overview? [ynq] (y) y Inventory: Not carrying anything. Spontiff the Healer's attributes: Background: You were a Rhizotomist, a level 1 male gnomish Healer. You were neutral, on a mission for Hermes who was opposed by Athena (lawful) and Poseidon (chaotic). You were left-handed. You were in the Gnomish Mines, on level 11. You entered the dungeon 9447 turns ago. You had 0 experience points, 20 were needed to attain level 2. Your score was 510 before end-of-game adjustments. Basics: You had 0 out of 41 hit points. You had all 4 energy points (spell power). Your armor class was 1. Your wallet was empty. Autopickup was on for '$!/="?' plus thrown, with exceptions. Final Characteristics: Your strength was 9 (limit:18/50). Your dexterity was 12 (limit:18). Your constitution was 17 (limit:18). Your intelligence was 10 (limit:19). Your wisdom was 18 (limit:18). Your charisma was 17 (limit:18). Final Status: You weren't hungry. You were unencumbered. You were bare handed. You were unskilled in bare handed combat. You weren't wearing any armor. Final Attributes: You were devoutly aligned. You were poison resistant. You had infravision. You had a moderate defense bonus (+9). You were warded. You are dead. Miscellaneous: You never encountered a bones level. Total elapsed playing time was 2 hours, 48 minutes and 57 seconds. Major events: Turn 1: spontiff the neutral male gnomish Healer entered the dungeon 1957: entered the Gnomish Mines 4525: reached Mine Town 9447: killed by a vampire in bat form Vanquished creatures: a small mimic 4 watchmen a leprechaun a giant spider an orc mummy a mountain nymph an orc shaman a rock piercer a rock mole 2 fog clouds a yellow light 4 shriekers 6 gnome leaders a gnomish wizard 2 gray oozes a straw golem 2 giant ants a little dog 2 kittens 11 dwarves 2 homunculi a kobold shaman 5 hill orcs 3 rothes 2 rabid rats a centipede 3 giant bats 3 orc zombies 4 wererats 2 werejackals 7 iguanas 5 acid blobs 7 hobbits a large kobold 2 hobgoblins 5 giant rats 4 cave spiders 2 brown molds 4 yellow molds 2 red molds 16 gnomes a garter snake 3 gnome zombies 9 geckos 17 jackals 2 foxes 2 kobolds 11 goblins 6 sewer rats 9 grid bugs a bat 11 lichens a kobold zombie 13 newts 212 creatures vanquished. No species were genocided or became extinct. Voluntary challenges: You never hit with a wielded weapon. You were a pacifist. You read items or engraved 2 times. You never engraved Elbereth. You never genocided any monsters. You never polymorphed an object. You never changed form. You used no wishes. Achievements: You entered a shop. You entered the Gnomish Mines. You entered Minetown. You entered a temple. The Dungeons of Doom: levels 1 to 4 Level 1: A grave. Level 2: "Stashlet; magic trap" A general store, an altar. Level 3: An armor shop, a fountain. Stairs down to The Gnomish Mines. Level 4: A sink. The Gnomish Mines: levels 4 to 11 Level 4: Level 5: Level 6: Level 7: Some shops, a temple and an altar to Hermes, some fountains. Level 8: Level 9: Level 10: "flayer about" Level 11: <- You were here. A fountain. Final resting place for you, killed by a vampire in bat form. Game over: ---------- / \ / REST \ / IN \ / PEACE \ / \ | spontiff | | 0 Au | | killed by a | | vampire in bat | | form | | | | 2024 | *| * * * | * _________)/\\_//(\/(/\)/\//\/|_)_______ Goodbye spontiff the Healer... You died in The Gnomish Mines on dungeon level 11 with 510 points, and 0 pieces of gold, after 9447 moves. You were level 1 with a maximum of 41 hit points when you died.